 Dungeon Crawl Stone Soup version 0.24-a0-264-gf46a388040 (webtiles) character file.

Game seed: 14949374027820051407

420 MirrMurr the Covert (level 6, -2/28 HPs)
             Began as a Spriggan Enchanter on Apr 20, 2019.
             Shot with an arrow by a centaur (8 damage)
             ... on level 4 of the Dungeon.
             The game lasted 00:08:27 (4686 turns).

MirrMurr the Covert (Spriggan Enchanter)            Turns: 4686, Time: 00:08:28

Health: -2/28      AC:  3    Str:  5    XL:     6   Next: 62%
Magic:  7/11       EV: 21    Int: 17    God:
Gold:   122        SH:  0    Dex: 17    Spells: 5/11 levels left

rFire    + . .     SeeInvis +   a - +1 dagger (drain)
rCold    . . .     Gourm    .   (shield restricted)
rNeg     . . .     Faith    .   b - +1 robe
rPois    .         Spirit   .   (helmet restricted)
rElec    .         Reflect  .   (no cloak)
rCorr    .         Harm     .   (gloves unavailable)
MR       +....                  (boots unavailable)
Stlth    ++++......             (no amulet)
HPRegen  0.09/turn              i - ring of protection from fire (curse)
MPRegen  0.12/turn              v - +3 ring of evasion

@: very quick
A: very small, unfitting armour, see invisible, herbivore, speed 3, slow
metabolism 2
a: no special abilities


You were on level 4 of the Dungeon.
You were not hungry.

You visited 1 branch of the dungeon, and saw 4 of its levels.

You collected 122 gold pieces.

Inventory:

Hand Weapons
 a - a +1 dagger of draining (weapon)
 n - a +0 hunting sling
 w - a +3 dagger
Missiles
 e - 167 stones (quivered)
 j - 4 curare-tipped needles
Armour
 b - a +1 robe (worn)
Jewellery
 i - a cursed ring of protection from fire (left hand)
 v - a +3 ring of evasion (right hand)
Scrolls
 r - a scroll of remove curse
Potions
 d - 2 potions of heal wounds
 f - a potion of magic {unknown}
 g - a potion of lignification {unknown}
 h - a potion of cancellation {unknown}
 l - 2 potions of mutation {unknown}
 m - 2 potions of curing
 o - a potion of haste {unknown}
 p - 2 potions of might {unknown}
 x - a potion of agility {unknown}
Comestibles
 c - 4 rations


   Skills:
 - Level 5.1 Short Blades
 - Level 3.0 Dodging
 - Level 8.0 Stealth
 + Level 3.3 Spellcasting
 * Level 4.5 Hexes


You had 5 spell levels left.
You knew the following spells:

 Your Spells              Type           Power        Failure   Level  Hunger
a - Ensorcelled Hibernat  Hex/Ice        ##....       10%         2    ##.....
b - Confuse               Hex            ###.....     8%          3    ###....
C - Corona                Hex            ###....      2%          1    None

Your spell library contained the following spells:

 Spells                   Type           Power        Failure   Level  Hunger
 Tukima's Dance           Hex            ###.....     8%          3    ###....
 Dazzling Spray           Conj/Hex       ##....       21%         3    ###....


Dungeon Overview and Level Annotations

Branches:
Dungeon (4/15)
 Temple: D:4-7

Altars:
Cheibriados
Ru
Uskayaw
Zin

Annotations:
D:3 3 runed translucent doors, MrRokkomies's ghost, amateur SpAE


Innate Abilities, Weirdness & Mutations

You are very small and have problems with some larger weapons.
You are too small for most types of armour.
You have supernaturally acute eyesight. (SInv)
You are a herbivore.
You cover ground extremely quickly.
You need to consume almost no food.


Message History

Aiming: Ensorcelled Hibernation (safe; 10% risk of failure)
Press: ? - help, Shift-Dir - straight line, f/p - centaur
Aim: a centaur (chance to defeat MR: 41%)
The centaur resists with some effort.
The centaur hits you but does no damage.
The centaur shoots an arrow.
The arrow hits you!
* * * LOW HITPOINT WARNING * * *
An ogre comes into view. It is wielding a +0 giant club.
You are too injured to fight recklessly!
Unknown command.
The centaur wields a +0 shortbow.
The centaur shoots an arrow.
The arrow completely misses you.
You see here an arrow.
The centaur shoots an arrow.
The arrow misses you.
You see here an arrow.
The centaur shoots an arrow.
The arrow misses you.
You see here an arrow.
The centaur shoots an arrow.
The arrow completely misses you.
The centaur shoots an arrow.
The arrow hits you!
You die...

,,,,,* ****,c####.....####.,,,,,
***,,* #..,,.......c.......****,
* *,,* #.#***#.#*#.(#,,,,,** *, *
#..* #.# #.# #(##,***,* *, * #..#
#.# ###c###c#*,* *,* *, * #..#
#.# #...(.(.#*,* *,* *, * #..#
#.# #.#.#####*,* *,* *, * #..#
#.# #.#.######.#**,* *, *
#..####.# #..(@.......,,,* *, *
#.......###.##########*,,* *, *
##....†.....# *,,* *, *
#.########.# *,,* *, #.# #.#
*,,*****, ####.# #.# *,,,,,,,,
.....########.#****** *,*******
####...........,,,,,*****,*******
##########.#****,,,,,,,,,,,,,,


You could see a centaur.

Vanquished Creatures
  A howler monkey (D:4)
  A hound (D:4)
  3 orc priests (D:3)
  Natasha (thrice) (D:3)
  A worker ant (D:4)
  A howler monkey skeleton (D:4)
  6 adders
  4 gnolls (D:4)
  2 worms
  3 dart slugs
  2 leopard geckos
  5 orcs
  2 giant cockroaches (D:1)
  3 goblins
  6 hobgoblins
  4 kobolds
  6 bats
  5 frilled lizards
  5 rats
63 creatures vanquished.

Notes
Turn   | Place    | Note
-------+----------+-------------------------------------------
     0 | D:1      | MirrMurr the Spriggan Enchanter began the quest for the
                  | Orb.
     0 | D:1      | Reached XP level 1. HP: 9/9 MP: 5/5
   408 | D:1      | Reached skill level 5 in Stealth
   408 | D:1      | Reached XP level 2. HP: 13/13 MP: 6/6
   415 | D:1      | Learned a level 2 spell: Ensorcelled Hibernation
  1084 | D:2      | Reached XP level 3. HP: 16/16 MP: 8/8
  1127 | D:2      | Reached skill level 6 in Stealth
  1337 | D:2      | Learned a level 3 spell: Confuse
  1371 | D:2      | Reached XP level 4. HP: 21/21 MP: 9/9
  1606 | D:2      | Found a sacrificial altar of Ru.
  1612 | D:2      | Found a snail-covered altar of Cheibriados.
  1613 | D:2      | Found a hide-covered altar of Uskayaw.
  1613 | D:2      | Found a glowing silver altar of Zin.
  2364 | D:3      | Reached skill level 7 in Stealth
  2364 | D:3      | Reached XP level 5. HP: 14/24 MP: 1/10
  2996 | D:3      | Noticed Natasha
  3001 | D:3      | Killed Natasha
  3121 | D:3      | Found a runed translucent gate.
  3122 | D:3      | Found a runed translucent gate.
  3142 | D:3      | Noticed MrRokkomies's ghost (amateur SpAE)
  3167 | D:3      | Found a runed translucent gate.
  3323 | D:3      | Noticed Natasha
  3330 | D:3      | Killed Natasha
  3973 | D:3      | Noticed Natasha
  3986 | D:3      | Killed Natasha
  3986 | D:3      | Reached skill level 8 in Stealth
  4112 | D:4      | Reached XP level 6. HP: 28/28 MP: 6/11
  4116 | D:4      | Reached skill level 5 in Short Blades
  4686 | D:4      | Shot with an arrow by a centaur

Levels and vault maps discovered:
D:1:      evilmike_arrival_hilbert_curve, layout_loops_ring
D:2:      layout_loops_ring, minitemple
D:3:      layout_basic, gammafunk_ghost_icy, first_ration, uniq_natasha
D:4:      cheibrodos_barr_body, layout_loops_ring

Skill      XL: |  1  2  3  4  5  6 |
---------------+-------------------+-----
Stealth        | 5 6 7 8 |  8.0
Short Blades   | 2 3 4 5 |  5.1
Spellcasting   | 3 |  3.3
Hexes          | 4 |  4.5
Dodging        | |  3.0

Action                   |  1- 3 |  4- 6 || total
-------------------------+-------+-------++-------
Melee: Dagger            |    88 |   108 ||   196
 Cast: Corona            |     3 |       ||     3
       Ensorcelled Hiber |     4 |    27 ||    31
       Confuse           |       |     6 ||     6
  Use: Scroll            |       |     9 ||     9
 Stab: Sleeping          |    18 |    21 ||    39
       Confused          |       |     3 ||     3
  Eat: Ration            |       |     2 ||     2
Armor: Robe              |     8 |     6 ||    14
Dodge: Dodged            |    73 |    69 ||   142

Table legend:
 A = Non-vault XP
 B = Vault XP
 C = Vault XP percentage of total XP
 D = Non-vault monster count
 E = Vault monster count
 F = Vault count percentage of total count
                 A         B        C        D         E       F
            +---------+---------+-------+---------+---------+-------
      Total |     564 |      36 |   6.0 |      62 |       1 |   1.6
            +---------+---------+-------+---------+---------+-------
        D:1 |      33 |       0 |   0.0 |      18 |       0 |   0.0
        D:2 |      74 |       0 |   0.0 |      13 |       0 |   0.0
        D:3 |     230 |      36 |  13.5 |      17 |       1 |   5.6
        D:4 |     227 |       0 |   0.0 |      14 |       0 |   0.0
            +---------+---------+-------+---------+---------+-------
